 Dungeon Crawl Stone Soup version 0.30-a0-341-g682706514a (webtiles) character file.

Game seed: 13428616723827040219

21040 Pooter the Severer (level 12, -17/112 HPs)
             Began as a Minotaur Monk on Nov 1, 2022.
             Was a High Priest of Okawaru.
             Demolished by a minotaur
             ... wielding the +7 war axe of Disarray {flame, rPois rC- rCorr Dex+5}
              (40 damage)
             ... in a Gauntlet on Nov 2, 2022.
             The game lasted 00:58:49 (14409 turns).

Pooter the Severer (Minotaur Monk)                 Turns: 14409, Time: 00:58:49

Health: -17/112    AC: 15    Str: 20    XL:     12   Next: 50%
Magic:  14/15      EV: 11    Int: 10    God:    Okawaru [*****.]
Gold:   798        SH:  0    Dex: 14    Spells: 10/11 levels left

rFire   + + .      SeeInvis .    a - +4 battleaxe (elec)
rCold   + . .      Faith    .    (shield currently unavailable)
rNeg    . . .      Spirit   .    W - +2 chain mail {rC+}
rPois   .          Reflect  .    (helmet restricted)
rElec   .          Harm     .    R - +0 cloak
rCorr   .          Rampage  .    J - +0 pair of gloves
Will    +....      NoTele   +    e - +0 pair of boots
Stlth   ..........               Z - amulet of Incredulity {Acrobat Will+ Int+3}
HPRegen 0.38/turn                F - ring of protection from fire
MPRegen 0.14/turn                O - ring of protection from fire

@: heroic, invisible
A: horns 2, retaliatory headbutt
a: Renounce Religion, Heroism, Finesse, Duel


You were in a Gauntlet.
You worshipped Okawaru.
Okawaru was extremely pleased with you.
You visited 2 branches of the dungeon, and saw 12 of its levels.
You also visited: Sewer and Gauntlet.

You collected 798 gold pieces.

Inventory:

Hand Weapons
 a - a +4 battleaxe of electrocution (weapon)
   (You acquired it on level 2 of the Dungeon)
 b - a +5 longbow of flaming
   (Okawaru gifted it to you on level 1 of the Lair of Beasts)
 o - a +2 morningstar
   (You took it off a wight on level 8 of the Dungeon)
 v - a +0 trident
   (You took it off an orc on level 4 of the Dungeon)
 B - a +2 hand axe of flaming
   (You took it off an orc priest on level 4 of the Dungeon)
 C - a +0 shortbow
   (You took it off a centaur on level 8 of the Dungeon)
 U - a +1 sling of electrocution
   (You found it on level 4 of the Dungeon)
Missiles
 i - 4 boomerangs of dispersal {!f}
 k - 38 poisoned darts (quivered)
 z - 6 javelins
 A - 2 curare-tipped darts
 K - 2 throwing nets {!f}
 Q - 130 stones
 V - 2 boomerangs
Armour
 e - a +0 pair of boots (worn)
   (You found it on level 1 of the Dungeon)
 y - a +1 chain mail
   (You found it on level 1 of the Dungeon)
 J - a +0 pair of gloves (worn)
   (You found it on level 5 of the Dungeon)
 R - a +0 cloak (worn)
   (You found it on level 9 of the Dungeon)
 W - a +2 chain mail of cold resistance (worn)
   (You found it in a Gauntlet)
Jewellery
 F - a ring of protection from fire (left hand)
   (You took it off a gnoll on level 5 of the Dungeon)
 O - a ring of protection from fire (right hand)
   (You found it on level 8 of the Dungeon)
 P - a ring of poison resistance
   (You found it on level 5 of the Dungeon)
 X - a ring of flight
   (You found it in a Gauntlet)
 Z - the amulet of Incredulity (around neck) {Acrobat Will+ Int+3}
   (You found it in a Gauntlet)

   [amulet of the acrobat]

   It increases your evasion while moving and waiting.
   Int:       It affects your intelligence (+3).
   Will:      It increases your willpower.
Wands
 d - a wand of iceblast (8)
   (You took it off Ijyb on level 4 of the Dungeon)
 f - a wand of flame (21)
   (You took it off an orc on level 4 of the Dungeon)
 x - a wand of acid (2)
   (You found it on level 7 of the Dungeon)
 D - a wand of digging (12)
   (You found it on level 4 of the Dungeon)
Scrolls
 g - 4 scrolls of vulnerability {!r}
 h - 3 scrolls of enchant armour
 q - 2 scrolls of blinking
 r - 5 scrolls of fog
 t - 7 scrolls of teleportation {@r4}
 M - a scroll of torment {!r}
Potions
 c - 2 potions of ambrosia
 j - 4 potions of curing {@q1}
 l - 3 potions of magic
 m - 2 potions of haste {@q3}
 n - 4 potions of heal wounds {@q2}
 p - 2 potions of mutation {!q}
 s - 4 potions of resistance
 u - 3 potions of brilliance
 G - a potion of berserk rage {unknown}
 H - a potion of lignification {unknown}
 I - 5 potions of might
 L - a potion of flight {unknown}
 N - 2 potions of attraction {!q}
Miscellaneous
 w - a tin of tremorstones (2/2)
   (You found it on level 1 of the Lair of Beasts)
 E - a condenser vane
   (You found it on level 9 of the Dungeon)
 T - a phial of floods
   (You found it on level 1 of the Lair of Beasts)
 Y - a lightning rod (4/4) {!a}
   (You found it in a Gauntlet)


   Skills:
 + Level 12.2(17.2) Fighting
 * Level 16.2(21.2) Axes
 * Level 11.2(16.2) Ranged Weapons
 - Level 3.8(8.8) Dodging
 - Level 2.1(7.1) Stealth
 + Level 5.5 Invocations
 + Level 4.2 Evocations


You had 10 spell levels left.
You knew the following spells:

 Your Spells              Type           Power      Damage    Failure   Level
a - Beastly Appendage     Tmut           0%         N/A       98%         1

Your spell library contained the following spells:

 Spells                   Type           Power      Damage    Failure   Level
 Kiss of Death            Conj/Necr      0%         2d5       98%         1
 Ensorcelled Hibernation  Hex/Ice        0%         N/A       99%         2
 Passwall                 Tmut/Erth      0%         N/A       99%         2
 Static Discharge         Conj/Air       0%         2-2/arc   99%         2
 Sublimation of Blood     Necr           0%         N/A       99%         2
 Wereblood                Tmut           0%         N/A       99%         2
 Confusing Touch          Hex            0%         N/A       100%        3
 Dazzling Flash           Conj/Hex       0%         N/A       100%        3
 Gell's Gravitas          Tloc           0%         N/A       100%        3
 Ignite Poison            Fire/Tmut/Pois 0%         N/A       100%        3
 Kindle Blastsparks       Fire/Tloc/Air  0%         2d10      100%        3
 Spider Form              Tmut/Pois      0%         N/A       100%        3
 Swiftness                Air            0%         N/A       100%        3
 Teleport Other           Tloc           0%         N/A       100%        3
 Vhi's Electric Charge    Tloc/Air       0%         N/A       100%        3
 Dispel Undead            Necr           0%         3d6       100%        4
 Iskenderun's Mystic Bla  Conj/Tloc      0%         2d3       100%        4
 Petrify                  Tmut/Erth      0%         N/A       100%        4
 Arcjolt                  Conj/Air       0%         1d10      100%        5
 Freezing Cloud           Conj/Ice/Air   0%         6-21      100%        5
 Irradiate                Conj/Tmut      0%         3d11      100%        5
 Lightning Bolt           Conj/Air       0%         1d11      100%        5
 Dispersal                Tloc           0%         N/A       100%        6
 Starburst                Conj/Fire      0%         6d3       100%        6


Dungeon Overview and Level Annotations

Branches:
Dungeon (10/15)            Temple (0/1) D:7            Lair (2/5) D:9
  Sewer (visited)         Gauntlet (1/1)
  Swamp: Lair:2-3    Shoals: Lair:2-3     Snake: Lair:2-3    Spider: Lair:2-3
    Orc: D:9-12

Altars:
Cheibriados
Dithmenos
Hepliaklqana
Kikubaaqudgha
Makhleb
Nemelex Xobeh
Okawaru
Sif Muna
Vehumet
Xom
Yredelemnul
Zin
The Shining One

Annotations:
Gauntlet 11 runed translucent doors, 3 transporters


Innate Abilities, Weirdness & Mutations

You have a pair of horns on your head.
You reflexively headbutt those who attack you in melee.


Message History

The minotaur bellows!
You hit the minotaur but do no damage.
The minotaur hits you with the +7 war axe of Disarray {flame, rPois rC- rCorr Dex+5}.
The minotaur gores you!
You catch the helpless minotaur completely off-guard!
You slash the minotaur!
You headbutt the minotaur, but do no damage.
You closely miss the minotaur. You headbutt the minotaur.
You catch the helpless minotaur zombie completely off-guard!
You slice the minotaur zombie!!
You strike the helpless minotaur zombie from behind!
You slash the minotaur zombie!
Lightning courses through the minotaur zombie!
The minotaur hits you with the +7 war axe of Disarray {flame, rPois rC- rCorr Dex+5}!!
The minotaur gores you.
You closely miss the minotaur. You slash the minotaur zombie! x2
Lightning courses through the minotaur zombie!!
The minotaur zombie closely misses you. You furiously retaliate!
You headbutt the minotaur zombie. The minotaur zombie barely misses you.
The minotaur zombie closely misses you. You furiously retaliate!
You headbutt the minotaur zombie!
The minotaur zombie gores you but does no damage.
The minotaur barely misses you. You furiously retaliate!
You headbutt the minotaur. The minotaur gores you.
You hit the minotaur. You headbutt the minotaur. You slash the minotaur zombie!
You catch the helpless minotaur zombie completely off-guard!
You hit the minotaur zombie. You slash the minotaur! You headbutt the minotaur.
You hit the minotaur zombie.
You catch the helpless minotaur zombie completely off-guard!
You slash the minotaur zombie!
Lightning courses through the minotaur zombie!
The minotaur hits you with the +7 war axe of Disarray {flame, rPois rC- rCorr Dex+5}!!
* * * LOW HITPOINT WARNING * * *
The minotaur gores you.
* * * LOW HITPOINT WARNING * * *
You hit the minotaur but do no damage.
You headbutt the minotaur, but do no damage.
You hit the minotaur zombie.
The minotaur hits you with the +7 war axe of Disarray {flame, rPois rC- rCorr Dex+5}!!
* * * LOW HITPOINT WARNING * * *
The minotaur burns you.
* * * LOW HITPOINT WARNING * * *
The minotaur gores you.
* * * LOW HITPOINT WARNING * * *
You barely miss the minotaur.
You headbutt the minotaur, but do no damage.
You slice the minotaur zombie!!
The minotaur zombie barely misses you. x2
You completely miss the minotaur. You barely miss the minotaur zombie.
The minotaur hits you with the +7 war axe of Disarray {flame, rPois rC- rCorr Dex+5}!!!
You die...

### #.# ##'###
#.⌠..# ###.Z.⌠+
#.'⌠ZH.# #.@∩.#
##.###
#######'######
#.............#
#.###.###.###.#
#.............#
###.###.###.##
####.###.###.###
#≈...............


You could see a minotaur (unable to see you) and 2 minotaur zombies.

Vanquished Creatures
  A green death (Arena)
  A two-headed ogre (D:8)
  5 death yaks (Lair:2)
  A fire crab (Gauntlet)
  2 orange demons (Gauntlet)
  A torpor snail (Lair:1)
  4 cane toads
  2 rime drakes
  A kobold demonologist (D:9)
  3 komodo dragons (Lair:1)
  A troll (D:9)
  A hornet (D:7)
  2 polar bears
  3 dream sheep (Lair:1)
  A shadow (D:10)
  A wraith (D:10)
  6 wyverns
  25 yaks
  5 fire bats (Gauntlet)
  3 steam dragons
  A chaos spawn (Gauntlet)
  3 acid dragons (D:9)
  5 water moccasins
  2 orc warriors (D:10)
  A hell hound (Gauntlet)
  2 sky beasts (D:8)
  3 ogres
  An ice beast (D:4)
  5 wolves (Lair:1)
  3 centaurs
  6 kobold brigands
  3 bullfrogs
  3 gnoll sergeants
  5 scorpions
  A necrophage (D:6)
  9 wights
  6 killer bees
  2 howler monkeys
  A crimson imp (D:8)
  7 orc priests
  A jelly (D:4)
  A gnoll bouda (D:4)
  5 hounds
  2 iguanas
  5 orc wizards
  Ijyb (D:4)
  30 gnolls
  15 adders
  A river rat (Sewer)
  An ufetubus (D:4)
  4 worms
  A dart slug (D:4)
  42 orcs
  7 endoplasms
  10 giant cockroaches
  5 goblins
  6 hobgoblins
  9 jackals
  7 quokkas
  9 ball pythons
  4 bats
  A goblin zombie (D:8)
  3 hobgoblin zombies (D:8)
  24 kobolds
  2 kobold skeletons (D:8)
  4 kobold zombies (D:8)
  An orc skeleton (D:8)
  7 rats
346 creatures vanquished.

Vanquished Creatures (others)
  17 demonic plants (Gauntlet)
  12 fungi
  16 plants
45 creatures vanquished.

Grand Total: 391 creatures vanquished

Notes
Turn   | Place    | Note
-------+----------+-------------------------------------------
     0 | D:1      | Pooter the Minotaur Monk began the quest for the Orb.
     0 | D:1      | Reached XP level 1. HP: 19/19 MP: 0/0
   136 | D:1      | Reached XP level 2. HP: 26/27 MP: 1/1
   154 | D:1      | Learned a level 1 spell: Beastly Appendage
   926 | D:2      | Reached XP level 3. HP: 33/33 MP: 2/2
   999 | D:2      | Reached skill level 4 in Axes
  1036 | D:2      | Found a radiant altar of Vehumet.
  1590 | D:2      | Reached XP level 4. HP: 32/41 MP: 3/3
  1871 | D:2      | Identified a scroll of acquirement
  1872 | D:2      | Acquired a +2 battleaxe of electrocution
  1903 | D:2      | You fall into a shaft and drop 1 floor!
  1964 | D:3      | Reached skill level 5 in Fighting
  2244 | D:3      | Reached skill level 5 in Axes
  2244 | D:3      | Reached XP level 5. HP: 41/48 MP: 4/4
  2272 | D:3      | Found a glowing drain.
  2284 | Sewer    | Entered a sewer
  2516 | Sewer    | Reached skill level 6 in Axes
  2516 | Sewer    | Reached XP level 6. HP: 27/57 MP: 5/5
  2889 | D:3      | Found a faded altar of an unknown god.
  3127 | D:2      | Reached skill level 7 in Axes
  3418 | D:4      | Reached XP level 7. HP: 64/64 MP: 6/6
  3418 | D:4      | Found a shimmering altar of Xom.
  3480 | D:4      | Noticed Ijyb
  3489 | D:4      | Killed Ijyb
  3520 | D:4      | Reached skill level 8 in Axes
  4105 | D:4      | Reached skill level 1 in Ranged Weapons
  4397 | D:4      | Reached skill level 9 in Axes
  4397 | D:4      | Reached XP level 8. HP: 62/73 MP: 7/7
  4732 | D:5      | Entered Level 5 of the Dungeon
  5175 | D:4      | Reached skill level 10 in Axes
  6143 | D:6      | Found a shimmering blue altar of Sif Muna.
  6221 | D:6      | Reached XP level 9. HP: 69/82 MP: 8/8
  6383 | D:6      | Reached skill level 11 in Axes
  6691 | D:6      | Found an iron altar of Okawaru.
  6691 | D:6      | Found a sparkling altar of Nemelex Xobeh.
  6695 | D:6      | Became a worshipper of Warmaster Okawaru
  6695 | D:6      | Reached * piety under Okawaru
  6695 | D:6      | Reached ** piety under Okawaru
  6733 | D:7      | Found a staircase to the Ecumenical Temple.
  7097 | D:7      | Reached skill level 5 in Ranged Weapons
  7100 | D:7      | Reached skill level 12 in Axes
  7400 | D:7      | Paralysed by a hornet for 2 turns
  7844 | D:8      | Found a snail-covered altar of Cheibriados.
  8018 | D:8      | Reached *** piety under Okawaru
  8089 | D:8      | Reached XP level 10. HP: 70/92 MP: 9/9
  8095 | D:8      | Identified the +8 rapier "Ropoudegh" {venom, rElec rC++
                  | Will-}
  8183 | D:8      | Found a glowing golden altar of the Shining One.
  8189 | D:8      | Reached skill level 10 in Fighting
  8474 | D:8      | Noticed a two-headed ogre
  8479 | D:8      | Killed a two-headed ogre
  8480 | D:8      | Reached skill level 13 in Axes
  9470 | D:9      | Reached skill level 1 in Invocations
  9734 | D:9      | Found a burning altar of Makhleb.
  9762 | D:9      | Found a hazy altar of Hepliaklqana.
  9763 | D:9      | Found a shadowy altar of Dithmenos.
  9777 | D:9      | Reached **** piety under Okawaru
  9784 | D:9      | Reached skill level 14 in Axes
 10040 | D:9      | Found a staircase to the Lair.
 10333 | D:9      | Identified the +1 ring mail of the Inquisitive Knaves
                  | {rPois Str+6 Int-4}
 10602 | D:10     | Entered Level 10 of the Dungeon
 10670 | D:10     | Reached XP level 11. HP: 101/101 MP: 12/12
 10845 | D:10     | Reached skill level 1 in Evocations
 11682 | D:10     | Found a glowing silver altar of Zin.
 11682 | D:10     | Found a basalt altar of Yredelemnul.
 11684 | D:10     | Found an ancient bone altar of Kikubaaqudgha.
 11771 | Lair:1   | Entered Level 1 of the Lair of Beasts
 11781 | Lair:1   | Reached ***** piety under Okawaru
 12168 | Lair:1   | Reached skill level 15 in Axes
 12630 | Lair:1   | Received a gift from Okawaru
 12824 | Lair:1   | Reached skill level 10 in Ranged Weapons
 13672 | Lair:2   | Reached XP level 12. HP: 102/112 MP: 14/14
 13715 | Lair:2   | Noticed a death yak
 13716 | Lair:2   | Found a gate leading to a gauntlet.
 13717 | Lair:2   | Noticed a death yak
 13717 | Lair:2   | Noticed a death yak
 13718 | Lair:2   | Noticed a death yak
 13719 | Lair:2   | Noticed a death yak
 13731 | Lair:2   | Killed a death yak
 13737 | Lair:2   | Killed a death yak
 13741 | Lair:2   | Killed a death yak
 13746 | Lair:2   | Killed a death yak
 13747 | Lair:2   | Reached skill level 5 in Invocations
 13752 | Lair:2   | Killed a death yak
 13752 | Lair:2   | Reached ****** piety under Okawaru
 13752 | Lair:2   | Identified the +0 chain mail of the King of the Hill {Will-
                  | Regen+ Dex+4} (Okawaru gifted it to you on level 2 of the
                  | Lair of Beasts)
 13752 | Lair:2   | Received a gift from Okawaru
 13761 | Gauntlet | Entered a Gauntlet
 13761 | Gauntlet | Found a large runed translucent door.
 13761 | Gauntlet | Found a large runed translucent door.
 13761 | Gauntlet | Found a large runed translucent door.
 13761 | Gauntlet | Found a large runed translucent door.
 13761 | Gauntlet | Found a runed translucent door.
 13761 | Gauntlet | Found a large runed translucent door.
 13761 | Gauntlet | Found a large runed translucent door.
 13761 | Gauntlet | Found a transporter.
 13761 | Gauntlet | Found a transporter.
 13761 | Gauntlet | Found a large runed translucent door.
 13761 | Gauntlet | Found a large runed translucent door.
 13761 | Gauntlet | Found a runed translucent gate.
 13761 | Gauntlet | Found a runed translucent gate.
 13761 | Gauntlet | Found a transporter.
 13999 | Gauntlet | Found a transporter.
 14000 | Gauntlet | Found a transporter.
 14015 | Gauntlet | Noticed a green death
 14163 | Gauntlet | Found a transporter.
 14167 | Arena    | Entered the Arena
 14176 | Arena    | Killed a green death
 14177 | Arena    | Reached skill level 16 in Axes
 14284 | Gauntlet | Found a transporter.
 14311 | Gauntlet | Found a transporter.
 14329 | Gauntlet | Identified the amulet of Incredulity {Acrobat Will+ Int+3}
 14352 | Gauntlet | Noticed an eight-headed hydra
 14389 | Gauntlet | Found a transporter.
 14396 | Gauntlet | Identified the +7 war axe of Disarray {flame, rPois rC-
                  | rCorr Dex+5}
 14396 | Gauntlet | Identified the +8 scale mail of Onlej {Str+3}
 14396 | Gauntlet | Identified the ring of Dishonour {Wiz rElec}
 14396 | Gauntlet | Noticed a minotaur
 14409 | Gauntlet | Demolished by a minotaur

Illustrated notes

Levels and vault maps discovered:
D:1:      enne_arrival_octagon_isle, layout_loops_ring, nicolae_hexahallways
D:2:      layout_basic, basic_altar
D:3:      layout_basic, cheibrodos_sewer_entry_bend,
          shapermc_ecumenical_altar_pompeii
D:4:      minmay_razor_zed, layout_loops_cross, mainiacjoe_overflow_boulevard,
          st_stairs_4, minivault_5, kennysheep_small_spiral, uniq_ijyb
D:5:      layout_cave_pools
D:6:      layout_loops_ring, marbit_many_paths, gammafunk_temple_overflow_wave
D:7:      layout_rooms, minmay_temple_entry_statues_fountains, nrook_mini_vaults
D:8:      layout_basic, nicolae_tso_besieged_by_evil,
          mainiacjoe_overflow_alcove_1
D:9:      layout_irregular_city, riverfiend_overflow_shadow_ancestor,
          old_standard_altar, roderic_roman_lattice
D:10:     layout_cave_pools, nicolae_overflow_hidden_temple
Lair:1:   layout_cave_pods
Lair:2:   layout_small_grid, gauntlet_entry_generic, dreamdust_gnoll_shepherd
Gauntlet: gammafunk_gauntlet_hard_choice [gammafunk_gauntlet_arena_hedges,
          minmay_gauntlet_arena_make_your_own_arena,
          nicolae_gauntlet_arena_grate_2, gammafunk_gauntlet_arena_split_x,
          gammafunk_gauntlet_arena_grid, gammafunk_gauntlet_arena_arrow_garden,
          gauntlet_exit_hidden_loot]

Skill      XL: |  1  2  3  4  5  6  7  8  9 10 11 12 |
---------------+-------------------------------------+-----
Fighting       | 4 5 6 7 8 9 10 11 12 | 12.2
Axes           | 4 5 6 7 9 10 12 14 15 16 | 16.2
Stealth        | 2 |  2.1
Ranged Weapons | 1 4 6 8 10 11 | 11.2
Invocations    | 2 4 5 |  5.5
Evocations     | 3 4 |  4.2
Dodging        | |  3.8

Action                   |  1- 3 |  4- 6 |  7- 9 | 10-12 || total
-------------------------+-------+-------+-------+-------++-------
Melee: Hand axe          |    71 |     8 |       |       ||    79
       Headbutt          |    11 |    12 |    25 |    66 ||   114
       Spear             |     6 |       |       |       ||     6
       Battleaxe         |       |   102 |   163 |   287 ||   552
 Fire: Sling             |       |       |   107 |    29 ||   136
       Shortbow          |       |       |       |    26 ||    26
       Longbow           |       |       |       |    23 ||    23
Throw: Stone             |     5 |     5 |       |       ||    10
       Dart              |       |       |       |     9 ||     9
Invok: Heroism           |       |       |     5 |    19 ||    24
       Duel              |       |       |       |     1 ||     1
Evoke: Wand              |       |       |     3 |     6 ||     9
  Use: Scroll            |     1 |    11 |     4 |    12 ||    28
       Potion            |       |       |       |     3 ||     3
 Stab: Sleeping          |     2 |       |       |       ||     2
       Invisible         |       |       |       |     5 ||     5
Armor: Robe              |     7 |       |       |       ||     7
       Chain mail        |    30 |    52 |   103 |   154 ||   339
Dodge: Dodged            |    56 |    31 |    96 |   153 ||   336

Table legend: (Time is in decaauts)
 A = Elapsed time spent in this place.
 B = Non-inter-level travel time spent in this place.
 C = Inter-level travel time spent in this place.
 D = Time resting spent in this place.
 E = Time spent auto-exploring this place.
 F = Levels seen in this place.
 G = Mean time per level.
                   A        B        C        D        E       F      G
               +--------+--------+--------+--------+--------+-----+--------+
         Total |  14574 |  14102 |    472 |   3027 |   8406 |  15 |  971.6 |
       Dungeon |  11368 |  10933 |    435 |   1946 |   6986 |  10 | 1136.8 |
          Lair |   1979 |   1943 |     36 |    437 |   1162 |   2 |  989.5 |
         Sewer |    591 |    591 |      0 |    142 |    258 |   1 |  591.0 |
      Gauntlet |    613 |    613 |      0 |    492 |      0 |   1 |  613.0 |
         Arena |     23 |     23 |      0 |     10 |      0 |   1 |   23.0 |
               +--------+--------+--------+--------+--------+-----+--------+

Top non-repeatable levels by time:
  Lair:1: 1835 daAuts
     D:8: 1552 daAuts
     D:1: 1395 daAuts
     D:4: 1372 daAuts
     D:9: 1361 daAuts
     D:6: 1332 daAuts
     D:7: 1078 daAuts
    D:10: 1043 daAuts
     D:2: 857 daAuts
     D:5: 688 daAuts
     D:3: 687 daAuts
Gauntlet: 613 daAuts
   Sewer: 591 daAuts
  Lair:2: 144 daAuts
   Arena: 23 daAuts
